 Dungeon Crawl Stone Soup version 0.19.5 (webtiles) character file.

674 Gargoyl the Covered (level 7, -15/59 (60) HPs)
             Began as a Ghoul Abyssal Knight on Apr 7, 2017.
             Was a Believer of Lugonu.
             Demolished by an orc
             ... wielding a +1 trident of distortion
              (17 damage)
             ... on level 5 of the Dungeon.
             The game lasted 00:07:52 (4469 turns).

Gargoyl the Covered (Ghoul Abyssal Knight)          Turns: 4469, Time: 00:07:54

HP:   -15/59 (60)   AC: 15    Str: 16    XL:     7   Next: 59%
MP:   8/8           EV:  4    Int:  7    God:    Lugonu [**....]
Gold: 263           SH:  7    Dex: 10    Spells: 0 memorised, 6 levels left

rFire  + + .     SeeInvis .     q - +2 hand axe (flame)
rCold  + . .     Gourm    .     o - +0 chain mail
rNeg   + + +     Faith    .     m - +0 shield
rPois  ∞         Spirit   .     (no helmet)
rElec  .         Reflect  .     f - +2 cloak
rCorr  .         Harm     .     x - +1 pair of gloves
MR     .....                    (no boots)
Stlth  ..........               (no amulet)
                                (no ring)
                                r - ring of Seomn {rF++ Stlth-}

@: rotting
A: rotting body, claws 1, carnivore 3, cold resistance 1, negative energy
resistance 3, slow regeneration 1, torment resistance, unbreathing
a: Depart the Abyss, Bend Space, Renounce Religion


You were on level 5 of the Dungeon.
You worshipped Lugonu.
Lugonu was pleased with you.
You were not hungry.

You visited 1 branch of the dungeon, and saw 5 of its levels.
You visited the Abyss 1 time.

You collected 263 gold pieces.

Inventory:

Hand Weapons
 a - a +1 hand axe
 d - a +0 war axe
 j - a +0 spear
 q - a +2 hand axe of flaming (weapon)
Missiles
 n - 8 silver javelins (quivered)
Armour
 f - a +2 cloak (worn)
 m - a +0 shield (worn)
 o - a +0 chain mail (worn)
 x - a +1 pair of gloves (worn)
Jewellery
 r - the ring of Seomn (left hand) {rF++ Stlth-}
   (You found it on level 4 of the Dungeon)

   [ring of loudness]

   It greatly protects you from fire.
   It makes you less stealthy.
 t - an uncursed ring of magical power {unknown}
Wands
 w - a wand of slowing (13/48)
Scrolls
 i - 5 scrolls of identify
 l - a scroll of remove curse
 p - 2 scrolls of blinking
Potions
 e - 5 potions of curing
 h - 2 potions of brilliance {unknown}
 s - 2 potions of might {unknown}
 u - a potion of flight {unknown}
 v - a potion of haste {unknown}
Comestibles
 b - 2 beef jerkies
 c - 6 meat rations
 g - 3 slices of pizza
 k - a royal jelly


   Skills:
 + Level 4.5 Fighting
 + Level 4.0 Axes
 * Level 4.7 Armour
 + Level 1.5 Dodging
 + Level 1.6 Shields
 * Level 3.7 Invocations


You had 6 spell levels left.
You didn't know any spells.

Dungeon Overview and Level Annotations

Branches:
Dungeon (5/15)             Temple (0/1) D:4

Altars:
Elyvilon
Nemelex Xobeh
Qazlal


Innate Abilities, Weirdness & Mutations

Your body is rotting away.
You thrive on raw meat.
You are immune to poison.
You have sharp fingernails.
You are carnivorous and can eat meat at any time.
Your flesh is cold resistant. (rC+)
You are immune to negative energy. (rN+++)
You regenerate slowly when monsters are visible.
You are immune to unholy pain and torment.
You can survive without breathing.


Message History

* * * LOW HITPOINT WARNING * * *
Unknown command.
Your shield and chain mail prevent you from hitting the orc.
Your shield and chain mail prevent you from hitting the orc wizard.
You miss the orc wizard. You hit the orc but do no damage.
The orc wizard hits you with a dagger.
* * * LOW HITPOINT WARNING * * *
You block the orc's attack.
The orc wizard hits you but does no damage.
The orc hits you with a trident of distortion.
* * * LOW HITPOINT WARNING * * *
Space bends around you.
* * * LOW HITPOINT WARNING * * *
The orc wizard hits you but does no damage.
Your shield and chain mail prevent you from hitting the orc.
You barely miss the orc. You closely miss the orc wizard.
You hit the orc wizard but do no damage.
The orc wizard hits you but does no damage.
The orc hits you but does no damage. x2; Space warps horribly around you!
You die...

#.###.# #.###..8 #.# #.#
#...#..♣ #.# #.# #..##..♣
#.###.# #..##..♣ #...#.#
#..##..♣♣ .###.#.#
#..##..8♣♣♣♣8..###.#.##.
#..##.ooo......#........
#######...#†.@o......###.####. #
#...##....'########## #.#
#.#...##..##.#.##..# ####.#
##.#...##..#.###.#..# #....#
#...........# ##...# #.##.#
#..........## ##..# #.##.#
#...........# ##...# #.##.#
####(..##.>#.###.#..####.##.###
####...##..##.#.##........>.....


You could see 2 orc wizards and 2 orcs.

Vanquished Creatures
  2 ogres
  A phantom (D:4)
  A hound (D:5)
  A jelly (D:3)
  2 centaur skeletons
  3 worker ants (D:4)
  An iguana (D:4)
  Natasha (thrice) (D:3 D:5)
  6 adders
  A shadow imp (D:4)
  An adder skeleton (D:4)
  3 dart slugs
  2 leopard geckos
  4 orcs
  A ball python (D:4)
  8 giant cockroaches
  5 goblins
  2 hobgoblins (D:1)
  5 jackals
  8 kobolds
  3 bats
  5 frilled lizards
  A leopard gecko skeleton (D:5)
  A quokka skeleton (D:4)
  A quokka zombie (D:5)
  6 rats
  A fungus (D:1)
78 creatures vanquished.

Notes
Turn   | Place    | Note
-------+----------+-------------------------------------------
     0 | Abyss:1  | Gargoyl the Ghoul Abyssal Knight began the quest for the Orb.
     0 | Abyss:1  | Reached XP level 1. HP: 19/19 MP: 1/1
     0 | Abyss:1  | Found a corrupted altar of Lugonu.
    42 | Abyss:3  | Noticed a large abomination
    94 | Abyss:4  | Noticed a neqoxec
    96 | Abyss:4  | Noticed an angel
    97 | D:1      | Escaped the Abyss
   112 | D:1      | Reached * piety under Lugonu
   296 | D:1      | Reached skill level 1 in Dodging
   470 | D:1      | Reached XP level 2. HP: 17/24 MP: 2/2
   910 | D:1      | Reached XP level 3. HP: 30/31 MP: 3/3
  1666 | D:2      | Reached XP level 4. HP: 39/40 MP: 4/4
  1848 | D:2      | Found a sparkling altar of Nemelex Xobeh.
  2286 | D:3      | Noticed Natasha
  2291 | D:3      | Killed Natasha
  2291 | D:3      | Reached XP level 5. HP: 40/45 MP: 6/6
  2573 | D:3      | Noticed Natasha
  2582 | D:3      | Killed Natasha
  2582 | D:3      | Reached skill level 1 in Shields
  3037 | D:4      | Found a stormy altar of Qazlal.
  3056 | D:4      | Reached XP level 6. HP: 16/51 MP: 7/7
  3316 | D:4      | Reached ** piety under Lugonu
  3322 | D:4      | Found a staircase to the Ecumenical Temple.
  3364 | D:4      | Got a wavering copper ring
  3368 | D:4      | Identified the ring of Seomn {rF++ Stlth-} (You found it on level 4 of the Dungeon)
  3700 | D:4      | Noticed a phantom
  3719 | D:4      | Killed a phantom
  3719 | D:4      | Reached XP level 7. HP: 50/60 MP: 8/8
  4008 | D:5      | Entered Level 5 of the Dungeon
  4075 | D:5      | Found a white marble altar of Elyvilon.
  4416 | D:5      | Noticed Natasha
  4426 | D:5      | Killed Natasha
  4468 | D:5      | HP: 2/59 [orc/trident of distortion (6)]
  4469 | D:5      | Demolished by an orc

Skill      XL: |  1  2  3  4  5  6  7 |
---------------+----------------------+-----
Dodging        | 1 |  1.5
Armour         | 2 3 4 |  4.7
Axes           | 2 3 4 |  4.0
Fighting       | 4 |  4.5
Shields        | 1 |  1.6
Invocations    | 3 |  3.7

Action                   |  1- 3 |  4- 6 |  7- 9 || total
-------------------------+-------+-------+-------++-------
Melee: War axe           |   127 |   128 |       ||   255
       Hand axe          |       |    62 |    50 ||   112
Throw: Javelin           |       |       |     1 ||     1
Invok: Depart the Abyss  |     1 |       |       ||     1
  Use: Scroll            |     4 |     6 |     5 ||    15
  Eat: Chunk             |    12 |    21 |     4 ||    37
Armor: Scale mail        |    73 |       |       ||    73
       Leather armour    |     6 |       |       ||     6
       Ring mail         |     1 |       |       ||     1
       Chain mail        |    35 |   134 |    36 ||   205
Dodge: Dodged            |    86 |    28 |     6 ||   120
Block: Shield            |    12 |    74 |    16 ||   102
